[Event "Titled Tuesday Blitz November 29 Early 2022"]
[White "Sovetbekova, Nurai"]
[Black "sabkeIXO"]
[WhiteFideId "13801910"]
[WhiteElo "1925"]
[BlackElo "2495"]
[Result "1-0"]
[Round "09"]
[TimeControl "180+1"]
[Date "2022.11.30"]
[WhiteClock "0:00:06"]
[BlackClock "0:00:21"]

1. d4 Nf6 2. c4 g6 3. Nc3 Bg7 4. e4 d6 5. Be2 O-O 6. Nf3 Bg4 7. Ng1 Bxe2 8. Ngxe2 Nfd7 9. Be3 c5 10. Qc2 Nc6 11. Rd1 cxd4 12. Nxd4 Nxd4 13. Bxd4 Bxd4 14. Rxd4 Qb6 15. Rd2 Nf6 16. O-O Rac8 17. Qd3 a6 18. b3 Qc5 19. Qf3 b5 20. Nd5 Nxd5 21. Rxd5 Qc6 22. cxb5 axb5 23. Qe2 b4 24. Rd4 Qb6 25. Rfd1 Rc3 26. h3 Rfc8 27. e5 Rc2 28. R4d2 Rxd2 29. Rxd2 dxe5 30. Qxe5 Rc1+ 31. Kh2 Qc7 32. Qxc7 Rxc7 33. Rd8+ Kg7 34. Rb8 Rc2 35. Rxb4 Rxa2 36. Kg3 h5 37. h4 e5 38. Rb8 f5 39. b4 Ra3+ 40. Kh2 Ra2 41. f3 e4 42. fxe4 fxe4 43. Re8 Re2 44. Kg1 Kf7 45. Kf1 Rb2 46. Rxe4 Kf6 47. Kg1 Kf5 48. Rc4 Ke5 49. Kh2 Kd5 50. Rf4 Ke5 51. Rc4 Kd5 52. Rc5+ Ke4 53. Rg5 Rxb4 54. Rxg6 Kf4 55. g3+ Kf3 56. Rf6+ Kg4 57. Rg6+ Kf3 58. Rg5 Rb1 59. Rxh5 Kg4 60. Rg5+ Kf3 61. Rf5+ Kg4 62. Rf4+ Kh5 63. Kh3 Rh1+ 64. Kg2 Rb1 65. Rf5+ Kg6 66. Rg5+ Kh6 67. Kh3 Rb3 68. Ra5 Rc3 69. Ra6+ Kh5 70. Ra5+ Kh6 71. Rf5 Kg6 72. Rf4 Kh6 73. Kg4 Ra3 74. Rd4 Rb3 75. Rd6+ Kg7 76. Kf4 Kh7 77. g4 Rb5 78. h5 Kg7 79. g5 Kh7 80. Rd7+ Kg8 81. h6 Kh8 82. g6 Rb4+ 83. Kg5 Rb5+ 84. Kf6 Rb6+ 85. Kf7 Rb8 86. Rd6 Rb7+ 87. Kf6 Rb8 88. Re6 Rf8+ 89. Kg5 Rb8 90. Re7 Rb5+ 91. Kf6 Rb6+ 92. Re6 Rb8 93. Re7 Rb6+ 94. Kf7 Rb7 95. Kf8 Rd7 96. Re8 Rf7+ 97. gxf7 Kh7 98. Ke7 Kxh6 99. f8=Q+ Kh7 100. Qf7+ Kh6 101. Rh8+ Kg5 102. Qf6+ Kg4 103. Rg8+ Kh5 104. Qh8# 1-0


[Site "https://www.chess.com"]

[Event "Titled Tuesday Blitz November 29 Early 2022"]
[White "Stijve, Theo"]
[Black "Deev, Andrei"]
[WhiteFideId "1331132"]
[BlackFideId "4102690"]
[WhiteElo "2256"]
[BlackElo "2305"]
[Result "1-0"]
[Round "09"]
[TimeControl "180+1"]
[Date "2022.11.30"]
[WhiteClock "0:00:08"]
[BlackClock "0:00:04"]

1. e4 d6 2. d4 Nf6 3. Nc3 c6 4. Nf3 Bg4 5. Be2 e6 6. a4 d5 7. e5 Nfd7 8. O-O c5 9. Be3 Bxf3 10. Bxf3 Nc6 11. Re1 cxd4 12. Bxd4 Nxd4 13. Qxd4 Bc5 14. Qg4 O-O 15. Rad1 Qb6 16. Re2 Rad8 17. b3 Qb4 18. Qxb4 Bxb4 19. Nb5 a6 20. c3 axb5 21. cxb4 bxa4 22. bxa4 Nb6 23. a5 Nc4 24. Ree1 b6 25. a6 b5 26. Be2 Rb8 27. Ra1 Rb6 28. a7 Ra8 29. f4 Rb7 30. Bxc4 bxc4 31. Kf2 g6 32. Ke3 Rbxa7 33. Rxa7 Rxa7 34. Kd4 Rc7 35. Kc3 1-0


[Site "https://www.chess.com"]

[Event "Titled Tuesday Blitz November 29 Early 2022"]
[White "Sukandar, Irine Kharisma"]
[Black "Fernandez Siles, Luis"]
[WhiteFideId "7101937"]
[BlackFideId "2209420"]
[WhiteElo "2301"]
[BlackElo "2186"]
[Result "1-0"]
[Round "09"]
[TimeControl "180+1"]
[Date "2022.11.30"]
[WhiteClock "0:00:39"]
[BlackClock "0:00:38"]

1. e4 c5 2. Nf3 Nc6 3. Bb5 g6 4. O-O Bg7 5. Re1 Nf6 6. e5 Nd5 7. Nc3 Nc7 8. Bxc6 dxc6 9. Ne4 b6 10. Nf6+ Kf8 11. Ne4 Bg4 12. d3 Ne6 13. h3 Bxf3 14. Qxf3 Qd5 15. Ng5 Qxf3 16. Nxf3 Nd4 17. Nxd4 cxd4 18. a4 a5 19. b3 Rd8 20. Bf4 e6 21. b4 axb4 22. a5 bxa5 23. Rxa5 h6 24. Rb1 Rd5 25. Ra8+ Ke7 26. Ra7+ Rd7 27. Rxd7+ Kxd7 28. Rxb4 c5 29. Rb7+ Kc6 30. Rxf7 Rf8 31. Rxg7 Rxf4 32. Rxg6 Kd5 33. g3 Rf8 34. Rxh6 Ra8 35. h4 Ra2 36. Rh8 Rxc2 37. h5 c4 38. dxc4+ Rxc4 39. h6 d3 40. Rd8+ Ke4 41. h7 1-0


[Site "https://www.chess.com"]

[Event "Titled Tuesday Blitz November 29 Early 2022"]
[White "Szpar, Milosz"]
[Black "Jaskolka, Tomasz"]
[WhiteFideId "1184989"]
[BlackFideId "1170791"]
[WhiteElo "2422"]
[BlackElo "2126"]
[Result "1-0"]
[Round "09"]
[TimeControl "180+1"]
[Date "2022.11.30"]
[WhiteClock "0:00:19"]
[BlackClock "0:00:03"]

1. e4 c5 2. c3 e6 3. d4 cxd4 4. cxd4 Nf6 5. Nc3 d6 6. Nf3 Be7 7. Bd3 Nc6 8. O-O h6 9. Qe2 a6 10. Rd1 b6 11. h3 Bb7 12. Bf4 Qd7 13. Rac1 O-O 14. Bh2 Rfc8 15. a3 Bf8 16. Re1 b5 17. Rcd1 Na5 18. e5 Nd5 19. Ne4 Nc4 20. b3 Nxa3 21. exd6 f6 22. Nc5 Rxc5 23. dxc5 Nc3 24. Qe3 Nxd1 25. Rxd1 Rc8 26. Nd4 Bd5 27. Qc1 b4 28. Bxa6 e5 29. Bxc8 Qxc8 30. c6 Bxd6 31. Nf5 Qxf5 32. Rxd5 Bc7 33. Bg3 Nb1 34. Qc4 Kh7 35. Rd7 Nd2 36. Rxd2 Qb1+ 37. Kh2 Qe1 38. Rd7 e4 39. Rxc7 e3 40. Qd3+ Kg8 41. Qg6 Kf8 42. Rc8+ Ke7 43. Qe8# 1-0


[Site "https://www.chess.com"]

[Event "Titled Tuesday Blitz November 29 Early 2022"]
[White "Szyszylo, Rafal"]
[Black "Matveeva, Olga"]
[WhiteFideId "1109626"]
[BlackFideId "24107018"]
[WhiteElo "1981"]
[BlackElo "2055"]
[Result "1-0"]
[Round "09"]
[TimeControl "180+1"]
[Date "2022.11.30"]
[WhiteClock "0:00:06"]
[BlackClock "0:00:03"]

1. e4 e6 2. d4 d5 3. e5 c5 4. c3 Nc6 5. Nf3 Qb6 6. a3 Nh6 7. b4 cxd4 8. cxd4 Nf5 9. Be3 f6 10. exf6 gxf6 11. Bd3 Nxe3 12. fxe3 Bd6 13. Nc3 Bd7 14. O-O a6 15. Rc1 Qd8 16. e4 Ne7 17. e5 fxe5 18. Nxe5 Bxe5 19. Qh5+ Ng6 20. Bxg6+ hxg6 21. Qxg6+ Ke7 22. dxe5 Qg8 23. Nxd5+ exd5 24. Qd6+ Kd8 25. Rc7 Qe6 26. Rxd7+ Qxd7 27. Qf6+ Kc7 28. Rc1+ Kb8 29. Qxh8+ Ka7 30. Qf6 Rg8 31. e6 Qd6 32. Qf7 Rf8 33. Qd7 Qb6+ 34. Kh1 Qf2 35. h3 Rg8 36. Rg1 Qf5 37. Qd6 Re8 38. Qc5+ Ka8 39. e7 Qe6 40. Rf1 Qxe7 41. Qxe7 Rxe7 42. Rf8+ Ka7 43. Rd8 Re3 44. Rxd5 Rxa3 45. h4 Rb3 46. Rd4 Kb6 47. Kh2 Kb5 48. h5 Re3 49. g4 a5 50. bxa5 Kxa5 51. h6 b5 52. h7 Re8 53. g5 b4 54. g6 b3 55. Rd1 b2 56. g7 Kb4 57. g8=Q 1-0


[Site "https://www.chess.com"]

[Event "Titled Tuesday Blitz November 29 Early 2022"]
[White "Tarasova, Viktoriya"]
[Black "Shuvalov, Evgenij"]
[WhiteFideId "4175840"]
[BlackFideId "4187237"]
[WhiteElo "2182"]
[BlackElo "2049"]
[Result "0-1"]
[Round "09"]
[TimeControl "180+1"]
[Date "2022.11.30"]
[WhiteClock "0:00:56"]
[BlackClock "0:02:07"]

1. d4 Nf6 2. c4 c5 3. d5 b5 4. cxb5 a6 5. bxa6 Bxa6 6. Nc3 g6 7. Nf3 d6 8. e4 Bxf1 9. Kxf1 Bg7 10. g3 O-O 11. Kg2 Nbd7 12. a4 Qb6 13. Re1 Rfb8 14. Qc2 Qb3 15. Qxb3 Rxb3 16. Nd2 Rb4 17. a5 Ne5 18. Ra2 Nd3 19. Rd1 Ng4 20. f3 Ne3+ 21. Kg1 Nxd1 22. Nxd1 Nxc1 0-1


[Site "https://www.chess.com"]

[Event "Titled Tuesday Blitz November 29 Early 2022"]
[White "Tarnowska, Aleksandra"]
[Black "Sadovsky, Artem"]
[WhiteFideId "1180967"]
[BlackFideId "4155840"]
[WhiteElo "1776"]
[BlackElo "2312"]
[Result "0-1"]
[Round "09"]
[TimeControl "180+1"]
[Date "2022.11.30"]
[WhiteClock "0:00:04"]
[BlackClock "0:01:27"]

1. e4 g6 2. d4 Bg7 3. Be3 d6 4. Nc3 e5 5. Nge2 Nc6 6. Qd2 f5 7. f3 Nf6 8. O-O-O fxe4 9. Nxe4 Nxe4 10. fxe4 Bg4 11. d5 Nd4 12. Nxd4 exd4 13. Bxd4 Bxd4 14. Qxd4 Qg5+ 15. Rd2 O-O 16. Bc4 Rf7 17. Kb1 Raf8 18. h3 Bd7 19. g4 b6 20. a3 Re7 21. Re1 Qh4 22. Qd3 Qxe1+ 23. Rd1 Qxe4 24. Qc3 Qe5 25. Qb3 Rf4 26. Ka2 a5 27. Bd3 a4 28. Qc3 Qxc3 29. bxc3 Re5 30. c4 Kg7 31. Kb2 g5 32. Kc3 h6 33. Rh1 Re3 34. h4 Rxg4 35. hxg5 Rxg5 36. Rf1 Bf5 37. Kd4 Bxd3 38. cxd3 Rgg3 39. Rd1 Rxd3+ 40. Rxd3 Rxd3+ 41. Kxd3 Kf6 42. Ke4 h5 43. Kf4 h4 44. Kg4 Ke5 45. Kxh4 Kd4 46. Kg4 Kxc4 0-1


[Site "https://www.chess.com"]

[Event "Titled Tuesday Blitz November 29 Early 2022"]
[White "Tokhirjonova, Gulrukhbegim"]
[Black "Ljukin, Sergei"]
[WhiteFideId "14203626"]
[BlackFideId "14102200"]
[WhiteElo "2236"]
[BlackElo "2312"]
[Result "0-1"]
[Round "09"]
[TimeControl "180+1"]
[Date "2022.11.30"]
[WhiteClock "0:00:34"]
[BlackClock "0:00:33"]

1. e4 e6 2. d4 d5 3. e5 c5 4. c3 Nc6 5. Nf3 Qb6 6. a3 f6 7. b4 c4 8. Be2 a5 9. Bb2 axb4 10. axb4 Rxa1 11. Bxa1 fxe5 12. dxe5 g6 13. O-O Bg7 14. Re1 Nh6 15. Nbd2 Nf7 16. Bb2 O-O 17. Bc1 Nfxe5 18. Nxe5 Qxf2+ 19. Kh1 Nxe5 20. Nf3 Ng4 21. h3 Ne3 22. Bxe3 Qxe3 23. Bxc4 Qxc3 24. Bf1 Qxb4 25. Ng5 Qd6 26. Ne4 Qf4 27. Nd2 e5 28. Nf3 Be6 29. Bb5 e4 30. Nh2 d4 31. Rf1 Qe5 32. Rxf8+ Bxf8 33. Qf1 Bd6 34. Qg1 Qxb5 35. Qxd4 Qe5 0-1


[Site "https://www.chess.com"]

[Event "Titled Tuesday Blitz November 29 Early 2022"]
[White "Troltenier, Dirk"]
[Black "Kovacevic, Radmila"]
[WhiteFideId "4606400"]
[BlackFideId "933171"]
[WhiteElo "2324"]
[BlackElo "2208"]
[Result "0-1"]
[Round "09"]
[TimeControl "180+1"]
[Date "2022.11.30"]
[WhiteClock "0:00:01"]
[BlackClock "0:00:28"]

1. e4 e5 2. Nf3 f5 3. Nxe5 Qf6 4. d4 d6 5. Nc4 fxe4 6. Ne3 c6 7. Be2 Be7 8. O-O g6 9. c4 Nh6 10. Nc3 Bf5 11. g4 Rg8 12. gxf5 gxf5+ 13. Kh1 Nd7 14. Bh5+ Kd8 15. f3 Qh4 16. fxe4 Nf6 17. Ng2 Rxg2 18. Kxg2 Nxh5 19. Bxh6 Kc7 20. Rf3 Rg8+ 21. Kh1 fxe4 22. Re3 Rg6 23. Rxe4 Ng3+ 24. Kg2 Nxe4+ 25. Kf3 Rf6+ 26. Ke3 Nf2 0-1


[Site "https://www.chess.com"]

[Event "Titled Tuesday Blitz November 29 Early 2022"]
[White "Trost, Edvin"]
[Black "Nguyen, Thai Dai Van"]
[WhiteFideId "1729519"]
[BlackFideId "358878"]
[WhiteElo "2247"]
[BlackElo "2534"]
[Result "1/2-1/2"]
[Round "09"]
[TimeControl "180+1"]
[Date "2022.11.29"]
[WhiteClock "0:00:37"]
[BlackClock "0:00:50"]

1. d4 Nf6 2. c4 e6 3. Nc3 d5 4. cxd5 exd5 5. Bg5 c6 6. e3 h6 7. Bh4 Be7 8. Bd3 O-O 9. Qc2 Re8 10. Nge2 Nbd7 11. O-O Nh5 12. Bxe7 Qxe7 13. Rae1 Nf8 14. Qd2 Bd7 15. Ng3 Nxg3 16. hxg3 b6 17. e4 dxe4 18. Bxe4 Qd6 19. Re3 Rad8 20. Rd1 Bc8 21. Bb1 Rxe3 22. Qxe3 Qe6 23. Qxe6 Bxe6 24. Be4 Bd7 25. Bf3 Re8 26. Kf1 f5 27. Re1 Rxe1+ 28. Kxe1 Kf7 29. Kd2 g5 30. Ke3 Nh7 31. Bd1 Nf6 32. Bb3+ Ke7 33. f3 Kd6 34. Kd3 a5 35. a3 Nh5 36. Ne2 Bc8 37. Bf7 Ba6+ 38. Ke3 Nf6 39. Nc3 Bc8 40. Bc4 b5 41. Bf7 Be6 42. Bxe6 Kxe6 43. b4 axb4 44. axb4 h5 45. Kd3 h4 46. gxh4 gxh4 47. Ke3 Nh5 48. Ne2 Kd5 49. Kd3 f4 50. Nc3+ Ke6 51. d5+ cxd5 52. Nxb5 Ng7 53. Nd4+ Kd6 54. Ne2 Ne6 55. Nd4 Ng5 56. Ne2 Nxf3 57. Nxf4 Ne1+ 58. Kd2 Nxg2 59. Nxg2 h3 60. Ne3 Ke5 61. Ke2 Kd4 62. Ng4 Kc4 63. Ke3 d4+ 64. Kd2 Kxb4 65. Kd3 Kc5 66. Nh2 Kd5 67. Nf3 Kc5 68. Nh2 Kc6 69. Kxd4 Kd6 70. Ke4 Ke6 71. Kf4 Kf7 72. Kg3 Kg8 73. Kf2 Kh8 74. Kg1 Kg8 75. Kh1 Kh8 76. Nf1 Kg8 77. Kh2 Kh8 78. Nd2 Kg8 79. Nf3 Kh8 80. Ne1 Kg8 81. Nc2 Kh8 82. Ne3 Kg8 83. Nc4 Kh8 84. Ne5 Kg8 85. Nc6 Kh8 86. Nd4 Kg8 87. Nf5 Kh8 88. Ne3 Kg7 89. Ng4 Kg6 90. Ne5+ Kg5 91. Nf3+ Kg4 92. Ng1 Kh4 93. Ne2 Kg4 94. Nc1 Kg5 95. Nb3 Kh4 96. Nd4 Kg4 97. Nb5 Kg5 98. Nd6 Kh5 99. Nc4 Kg4 100. Ne5+ Kh4 101. Nd3 Kh5 102. Ne1 Kg5 103. Nf3+ Kg4 104. Ng1 Kh4 105. Ne2 Kh5 106. Nc1 Kg4 107. Nd3 Kf3 108. Nb2 Ke3 109. Nc4+ Kd3 110. Na3 Ke3 111. Nb5 Kf3 112. Nd6 Kg4 113. Ne8 Kf4 114. Ng7 Kg5 115. Nh5 Kf5 116. Ng3+ Kg4 117. Nh1 Kf3 118. Nf2 Kxf2 119. Kh1 Kg3 120. Kg1 h2+ 121. Kh1 Kh3 1/2-1/2


[Site "https://www.chess.com"]

[Event "Titled Tuesday Blitz November 29 Early 2022"]
[White "Vakhlamov, Igor L."]
[Black "Zatonskih, Anna"]
[WhiteFideId "24126748"]
[BlackFideId "14101572"]
[WhiteElo "2401"]
[BlackElo "2362"]
[Result "1-0"]
[Round "09"]
[TimeControl "180+1"]
[Date "2022.11.30"]
[WhiteClock "0:00:03"]
[BlackClock "0:00:05"]

1. e4 d5 2. exd5 Qxd5 3. Nc3 Qd6 4. d4 c6 5. Bc4 Nf6 6. Nf3 Bg4 7. O-O Bxf3 8. Qxf3 Qxd4 9. Bb3 Nbd7 10. Bf4 e6 11. Rad1 Qb4 12. a3 Qa5 13. Ne4 Nxe4 14. Qxe4 Nf6 15. Qe2 Be7 16. Bxe6 fxe6 17. Qxe6 Rf8 18. Rfe1 Rf7 19. Bd6 Ng8 20. Re5 Qb6 21. Bc5 Qc7 22. Rde1 Qd7 23. Qb3 O-O-O 24. Bxa7 Bd6 25. R5e2 Nf6 26. Bb6 Bc7 27. Bc5 Ng4 28. h3 Nf6 29. Qa4 Nd5 30. Qa8+ Bb8 31. Qa4 Nf4 32. Re4 Qd5 33. Bb6 1-0


[Site "https://www.chess.com"]

[Event "Titled Tuesday Blitz November 29 Early 2022"]
[White "Valle Maytin, Luis Enrique"]
[Black "Cappelletto, Joshuaede"]
[WhiteFideId "3503666"]
[BlackFideId "2824383"]
[WhiteElo "2225"]
[BlackElo "2237"]
[Result "0-1"]
[Round "09"]
[TimeControl "180+1"]
[Date "2022.11.30"]
[WhiteClock "0:00:05"]
[BlackClock "0:01:14"]

1. e4 c5 2. Nf3 d6 3. d4 Nf6 4. Nc3 cxd4 5. Nxd4 g6 6. Be3 Bg7 7. f3 O-O 8. Qd2 Nc6 9. Bc4 Nxd4 10. Bxd4 Be6 11. Bb3 Qa5 12. O-O a6 13. Rad1 Bxb3 14. axb3 Rfc8 15. Ra1 Qd8 16. Na4 Rc6 17. Nc3 Rac8 18. Rac1 b5 19. Rfd1 Qc7 20. Qd3 b4 21. Bxf6 Bxf6 22. Nd5 Qa7+ 23. Kh1 Bxb2 24. Nxb4 Rc3 25. Qxa6 Qxa6 26. Nxa6 Bxc1 27. Rxc1 Rxb3 28. Rg1 Rb6 29. Ra1 Ra8 30. h4 Raxa6 31. Rc1 0-1


[Site "https://www.chess.com"]

[Event "Titled Tuesday Blitz November 29 Early 2022"]
[White "Vargas, Mauricio"]
[Black "Broca Jimenez, Fernando"]
[WhiteFideId "4404572"]
[BlackFideId "5104742"]
[WhiteElo "2025"]
[BlackElo "2062"]
[Result "0-1"]
[Round "09"]
[TimeControl "180+1"]
[Date "2022.11.30"]
[WhiteClock "0:00:01"]
[BlackClock "0:00:06"]

1. e4 c5 2. Nc3 g6 3. f4 Bg7 4. Nf3 Nc6 5. Bb5 Nd4 6. Bf1 e6 7. d3 Ne7 8. g3 O-O 9. Bg2 d5 10. e5 a6 11. O-O Ndc6 12. Ne2 b5 13. c3 Bb7 14. Qe1 Rc8 15. g4 f5 16. exf6 Bxf6 17. Qg3 Qd6 18. Qh3 Bg7 19. Ng5 h6 20. Nf3 e5 21. f5 gxf5 22. gxf5 Nxf5 23. Nh4 Nxh4 24. Qxh4 Ne7 25. Bd2 Rxf1+ 26. Rxf1 Rf8 27. Qg3 Rxf1+ 28. Bxf1 Qg6 29. Bh3 Qxg3+ 30. Nxg3 Kf7 31. Bg4 Bc8 32. Bh5+ Kf6 33. Be3 Nf5 34. Bxc5 Nxg3 35. hxg3 Bf5 36. d4 Ke6 37. g4 Bb1 38. a3 exd4 39. cxd4 Bd3 40. Kf2 a5 41. Ke3 Bc4 42. Bg6 Bf6 43. Kf2 Bg5 44. Bc2 a4 45. Bf5+ Kf6 46. Bb6 Bc1 47. Bd8+ Kg7 48. Bc7 Bxb2 49. Be5+ Kf7 50. Ke3 Bxa3 51. Bf4 Kg7 52. Be5+ Kf7 53. Bf4 Bc1+ 54. Kf3 Bxf4 55. Kxf4 a3 56. Bb1 a2 57. Bf5 a1=Q 58. Ke5 Qe1+ 59. Kd6 b4 60. Kc5 b3 61. Kc6 b2 62. Kc5 Qc3 63. Kd6 Bd3 64. Kxd5 Bxf5 65. gxf5 b1=Q 66. Ke5 Qb5+ 67. Kf4 Qd2+ 68. Ke4 Qbd3+ 69. Kd5 Qxd4+ 70. Kc6 Q2c3+ 0-1


[Site "https://www.chess.com"]

[Event "Titled Tuesday Blitz November 29 Early 2022"]
[White "Vifleemskaia, Svetlana"]
[Black "Simonovic, Miroslav"]
[WhiteFideId "4129490"]
[BlackFideId "919152"]
[WhiteElo "1929"]
[BlackElo "2043"]
[Result "1-0"]
[Round "09"]
[TimeControl "180+1"]
[Date "2022.11.30"]
[WhiteClock "0:01:03"]
[BlackClock "0:00:04"]

1. d4 Nf6 2. c4 c5 3. d5 b5 4. Qc2 bxc4 5. e4 d6 6. Bxc4 Nbd7 7. b3 g6 8. Bb2 Bg7 9. Nf3 O-O 10. O-O a5 11. a4 Ba6 12. Nbd2 Nb6 13. Rab1 Nxc4 14. bxc4 Rb8 15. Bc3 Qc7 16. h3 Nd7 17. Bxg7 Kxg7 18. Qc3+ Kg8 19. Ne1 Rb4 20. Nd3 Rxa4 21. Ra1 Rb4 22. Nxb4 cxb4 23. Qd4 Rc8 24. Rfc1 Nc5 25. f4 a4 26. e5 b3 27. Rcb1 Rb8 28. Kh1 Qa5 29. Ne4 Nxe4 30. Qxe4 Rb4 31. exd6 exd6 32. Qe8+ Kg7 33. f5 gxf5 34. Qe7 b2 35. Ra2 Bxc4 36. Raxb2 Rxb2 37. Rxb2 a3 38. Rb1 Kg6 39. h4 a2 40. Qg5# 1-0


[Site "https://www.chess.com"]

[Event "Titled Tuesday Blitz November 29 Early 2022"]
[White "Vlassov, Nikolai"]
[Black "Gatterer, Florian"]
[WhiteFideId "4103360"]
[BlackFideId "811688"]
[WhiteElo "2324"]
[BlackElo "2218"]
[Result "1/2-1/2"]
[Round "09"]
[TimeControl "180+1"]
[Date "2022.11.30"]
[WhiteClock "0:00:09"]
[BlackClock "0:00:13"]

1. e4 c6 2. d4 d5 3. e5 Bf5 4. Nf3 e6 5. Be2 Nd7 6. O-O Ne7 7. Nbd2 h6 8. Nb3 g5 9. Bd2 Bg7 10. a4 a5 11. Rc1 c5 12. Bb5 Nc6 13. Nxc5 Nxc5 14. dxc5 O-O 15. Bxc6 bxc6 16. Nd4 Bxe5 17. Nxc6 Bxh2+ 18. Kxh2 Qc7+ 19. f4 Qxc6 20. fxg5 hxg5 21. Bxg5 Kg7 22. Be3 Rh8+ 23. Kg1 f6 24. c4 dxc4 25. Rxc4 Rad8 26. Rd4 Rxd4 27. Qxd4 Kf7 28. Bd2 Qc7 29. Bc3 Qh2+ 30. Kf2 Qh4+ 31. Qxh4 Rxh4 32. Ra1 Rc4 33. Bxa5 Rxc5 34. Bc3 Bd3 35. a5 Ba6 36. Rd1 Rd5 37. Rxd5 exd5 38. Ke3 Ke6 39. Kd4 Kd6 40. g3 Kc6 41. Ke3 f5 42. Kf4 Bd3 43. Ke5 Be4 44. b4 Kb5 45. Kd4 Ka6 46. Kc5 Bd3 47. Kxd5 Bb5 48. Ke5 Bd3 49. Kf4 Bc2 50. Be1 Bd3 51. Ke5 Bc2 52. Kd4 Bd1 53. Kc5 Be2 54. Kc6 Bb5+ 55. Kc7 Bd3 56. Bf2 Bb5 57. Bc5 Bc4 58. Kd6 Bd3 59. Kd5 Kb5 60. Ke5 Bc2 61. Kd6 Bd3 62. Kc7 Ka6 63. Kc6 Bb5+ 64. Kd6 Bd3 65. Kd5 Kb5 66. Bd6 Bc2 67. Ke6 Bd3 68. Kd7 Bc2 69. Kc8 Ka6 70. Kb8 Bd3 71. Bc5 Bb5 72. Ka8 Bc4 73. Kb8 Bb5 74. Kc7 Bc4 75. Bf2 Bb5 76. Be1 Bc4 77. Kc6 Bb5+ 78. Kc5 Bd3 79. Kd4 Be2 80. Ke3 Bb5 81. Kf4 Bd3 82. Kf3 Kb5 83. Kf4 Bc2 84. Ke5 Bd3 85. Kd4 Be2 86. Kd5 Bd3 87. Ke6 Ka6 88. Bd2 Bc2 89. Kd6 Bd3 90. Kc7 Bb5 91. Be3 Bc4 92. Kc6 Bb5+ 93. Kc5 Bd3 94. g4 fxg4 95. Bf2 Bb5 96. Kd4 Be2 97. Bg3 Bb5 98. Bf2 Bf1 99. Bg3 Be2 100. Bf2 Bb5 101. Bg3 Ba4 102. Bf2 Bb5 103. Bg3 Ba4 104. Bf2 Bb5 1/2-1/2


[Site "https://www.chess.com"]

[Event "Titled Tuesday Blitz November 29 Early 2022"]
[White "Xiong, Jeffery"]
[Black "Jumabayev, Rinat"]
[WhiteFideId "2047640"]
[BlackFideId "13702661"]
[WhiteElo "3000"]
[BlackElo "2910"]
[Result "1-0"]
[Round "09"]
[TimeControl "180+1"]
[Date "2022.11.29"]
[WhiteClock "0:00:09"]
[BlackClock "0:00:06"]

1. d4 Nf6 2. Nf3 e6 3. Bf4 b6 4. e3 Bb7 5. h3 Bd6 6. Be5 Bxe5 7. dxe5 Ne4 8. Bd3 Nc5 9. Nc3 d6 10. exd6 Qxd6 11. Bb5+ Nbd7 12. Qd4 Qxd4 13. exd4 Bxf3 14. dxc5 Bxg2 15. Rg1 Bf3 16. Rg3 Bh5 17. Ne2 O-O-O 18. cxb6 Nxb6 19. Rxg7 Bg6 20. Nf4 Rhf8 21. Ba6+ Kb8 22. Rd1 Rxd1+ 23. Kxd1 Na4 24. Kc1 Nc5 25. Be2 Ne4 26. f3 Nf6 27. Bb5 Kc8 28. h4 Kd8 29. h5 Nxh5 30. Nxh5 Bxh5 31. Rxh7 Bxf3 32. Rh3 Bd5 33. Ra3 f5 34. Rxa7 f4 35. c4 Be4 36. c5 f3 37. Kd2 f2 38. Bf1 e5 39. b4 Bd5 40. b5 Rf4 41. a4 e4 42. b6 cxb6 43. cxb6 Rf3 44. a5 e3+ 45. Ke2 Bc4+ 46. Kxf3 Bxf1 47. Kxe3 1-0


[Site "https://www.chess.com"]

[Event "Titled Tuesday Blitz November 29 Early 2022"]
[White "Yeremyan, Alen"]
[Black "Bacrot, Etienne"]
[WhiteFideId "13308998"]
[BlackFideId "605506"]
[WhiteElo "2159"]
[BlackElo "2666"]
[Result "1-0"]
[Round "09"]
[TimeControl "180+1"]
[Date "2022.11.29"]
[WhiteClock "0:01:47"]
[BlackClock "0:00:08"]

1. c4 e5 2. g3 Be7 3. Bg2 d6 4. e3 f5 5. Ne2 Nf6 6. O-O O-O 7. d4 Nbd7 8. Nbc3 Qe8 9. f4 e4 10. d5 c5 11. a3 b6 12. b4 Kh8 13. b5 Rg8 14. a4 g5 15. fxg5 Rxg5 16. Nf4 Ne5 17. Qe2 Bd8 18. Bb2 h5 19. Nd1 Kh7 20. Nf2 Kh6 21. N2h3 Rg4 22. Rf2 a6 23. Raf1 axb5 24. axb5 Ra2 25. Ne6 Bxe6 26. dxe6 Nd3 27. Rxf5 Rxb2 28. Rxf6+ Bxf6 29. Rxf6+ Kg7 30. Qf1 Rb1 31. Qxb1 Kxf6 32. Bxe4 Rxe4 33. Qxd3 Qxe6 34. Nf4 Qe5 35. Kf2 Kg5 36. Kf3 d5 37. cxd5 1-0


[Site "https://www.chess.com"]

[Event "Titled Tuesday Blitz November 29 Early 2022"]
[White "Yuan, Qingyu"]
[Black "Bai, Adelard"]
[WhiteFideId "8609772"]
[BlackFideId "16301188"]
[WhiteElo "2359"]
[BlackElo "2299"]
[Result "1-0"]
[Round "09"]
[TimeControl "180+1"]
[Date "2022.11.30"]
[WhiteClock "0:00:37"]
[BlackClock "0:00:26"]

1. e4 e5 2. Nf3 Nc6 3. Bb5 a6 4. Ba4 Nf6 5. O-O Be7 6. Re1 b5 7. Bb3 O-O 8. a4 Rb8 9. axb5 axb5 10. d3 d6 11. h3 Be6 12. Nbd2 Qd7 13. c3 Ra8 14. Rxa8 Rxa8 15. Nf1 Ra1 16. Bc2 b4 17. d4 b3 18. Bd3 exd4 19. cxd4 d5 20. Bb5 dxe4 21. Ne5 Nxe5 22. Bxd7 Nexd7 23. Qe2 Nb6 24. Bf4 Bc4 25. Qd2 Ra2 26. Bxc7 Nbd5 27. Rc1 Bb4 28. Qd1 Bxf1 29. Qxb3 Ra7 30. Bb8 Ra8 31. Rc8+ Bf8 32. Qb7 Ba6 33. Rxf8+ Kxf8 34. Bd6+ Ke8 35. Qxa8+ 1-0


[Site "https://www.chess.com"]

[Event "Titled Tuesday Blitz November 29 Early 2022"]
[White "Zaloznyy, Mike"]
[Black "Winkels, Marcel"]
[WhiteFideId "2023075"]
[BlackFideId "1003887"]
[WhiteElo "2126"]
[BlackElo "1900"]
[Result "1-0"]
[Round "09"]
[TimeControl "180+1"]
[Date "2022.11.30"]
[WhiteClock "0:00:03"]
[BlackClock "0:00:02"]

1. Nf3 Nf6 2. g3 d5 3. Bg2 g6 4. b3 Bg7 5. Bb2 c5 6. c4 d4 7. b4 cxb4 8. Nxd4 O-O 9. O-O Qc7 10. d3 Nc6 11. Nb5 Qb6 12. a3 a6 13. axb4 Nxb4 14. Qb3 Nc6 15. Nd2 Bg4 16. Nc3 Qc7 17. h3 Be6 18. Nd5 Bxd5 19. cxd5 Nb8 20. Rfc1 Qd6 21. Nc4 Qd8 22. Qxb7 Nbd7 23. Rxa6 Rb8 24. Qc6 Rc8 25. Qa4 Nc5 26. Qa5 Nxa6 27. Qxa6 Ra8 28. Qc6 Nd7 29. Bxg7 Kxg7 30. d6 exd6 31. Qxa8 Qxa8 32. Bxa8 Rxa8 33. Nxd6 Ra2 34. Kf1 Nf6 35. Ne4 Nd5 36. Rc5 Nb4 37. f4 Ra1+ 38. Kf2 Ra2 39. Ke3 Ra3 40. Rc7 h6 41. Nd6 Nd5+ 42. Kd4 Nxc7 43. e4 Ra2 44. Ke5 Rg2 45. d4 Rxg3 46. f5 Rxh3 47. f6+ Kg8 48. Nc8 h5 49. Kd6 Ne6 50. d5 Nf4 51. e5 Rd3 52. Ne7+ Kh7 53. Kc5 h4 54. Kc4 Rd2 55. e6 Rd1 56. exf7 Rc1+ 57. Kd4 1-0


[Site "https://www.chess.com"]

[Event "Titled Tuesday Blitz November 29 Early 2022"]
[White "Zemlyanskii, Ivan"]
[Black "Odegov, Artem"]
[WhiteFideId "24249971"]
[BlackFideId "34183644"]
[WhiteElo "2107"]
[BlackElo "2298"]
[Result "0-1"]
[Round "09"]
[TimeControl "180+1"]
[Date "2022.11.30"]
[WhiteClock "0:00:09"]
[BlackClock "0:00:16"]

1. d4 d5 2. c4 e6 3. Nf3 c5 4. cxd5 exd5 5. g3 Nc6 6. Bg2 Nf6 7. Nc3 Be7 8. O-O O-O 9. b3 Ne4 10. Na4 cxd4 11. Bf4 Bf6 12. Rc1 Nc3 13. Nxc3 dxc3 14. e3 Bf5 15. Qe2 Re8 16. Qb5 Qd7 17. Rfd1 Rad8 18. Bg5 c2 19. Rd2 Bxg5 20. Nxg5 d4 21. e4 Bg6 22. Rdxc2 h6 23. Nh3 Bxe4 24. Bxe4 Rxe4 25. Nf4 d3 26. Rd2 Ne5 27. Qxd7 Rxd7 28. Kg2 g5 29. Nh5 Rd6 30. Rcd1 Re2 31. Rxe2 dxe2 32. Re1 Rd2 33. Nf6+ Kg7 34. Ne4 Nd3 35. Nxd2 Nxe1+ 36. Kh3 Nd3 37. Nf3 e1=Q 38. Nxe1 Nxe1 39. Kg4 Kg6 40. h4 f5+ 41. Kh3 g4+ 42. Kh2 Nd3 43. Kg2 h5 44. Kf1 Nc1 45. b4 Nxa2 46. b5 Nc3 47. b6 axb6 48. Ke1 b5 49. Kd2 b4 50. Kc2 f4 51. gxf4 Kf5 52. Kb3 Kxf4 53. Kxb4 Ne4 54. Kb5 Nxf2 55. Kb6 g3 56. Kxb7 g2 57. Kb8 g1=Q 0-1


[Site "https://www.chess.com"]